 Dungeon Crawl Stone Soup version 0.18.1-48-g4cf74bf (console) character file.

1385 Kloppie the Slasher (level 9, -13/103 HPs)
             Began as a Human Berserker on July 1, 2016.
             Was a Priest of Trog.
             Mangled by a wight
             ... wielding a cursed +2 hand axe of electrocution
              (19 damage)
             ... on level 6 of the Dungeon.
             The game lasted 00:10:35 (5946 turns).

Kloppie the Slasher (Human Berserker)               Turns: 5946, Time: 00:10:35

Health: -13/103    AC:  9    Str: 23    XL:     9   Next: 0%
Magic:  9/9        EV: 10    Int:  7    God:    Trog [***...]
Gold:   364        SH:  0    Dex: 16    Spells: 0 memorised, 8 levels left

rFire  . . .     SeeInvis .     a - +0 long sword (freeze)
rCold  . . .     Gourm    .     q - +0 scale mail
rNeg   . . .     Faith    .     (no shield)
rPois  .         Spirit   .     (no helmet)
rElec  .         Dismiss  .     (no cloak)
rCorr  .         Reflect  .     f - +1 pair of gloves
SustAt .         Harm     .     (no boots)
MR     .....                    (no amulet)
Stlth  ..........               (no ring)
                                B - +1 ring of slaying

@: berserking, drained, very quick, not resistant to hostile enchantments,
extremely unstealthy
A: no striking features
a: Berserk, Trog's Hand, Burn Spellbooks, Renounce Religion


You were on level 6 of the Dungeon.
You worshipped Trog.
Trog was most pleased with you.
You were not hungry.

You visited 1 branch of the dungeon, and saw 7 of its levels.

You collected 364 gold pieces.

Inventory:

Hand Weapons
 a - a +0 long sword of freezing (weapon)
 v - a +0 falchion
Armour
 f - a +1 pair of gloves (worn)
 q - a +0 scale mail (worn)
Jewellery
 B - a +1 ring of slaying (left hand)
Wands
 k - a wand of acid (8/15)
 y - a wand of paralysis (22/24)
 z - a wand of random effects (25/48)
Scrolls
 d - 4 scrolls of immolation
 i - a scroll of identify
 j - 2 scrolls of remove curse
 p - a scroll of recharging
 w - 2 scrolls of enchant armour
Potions
 g - a potion of degeneration {unknown}
 h - a potion of lignification
 l - 2 potions of curing
 m - a potion of brilliance {unknown}
 n - 3 potions of agility
 x - a potion of flight
 A - a potion of might
Comestibles
 b - a slice of pizza
 c - 2 bread rations
 o - 3 beef jerkies
 r - 5 fruits


   Skills:
 + Level 6.0(5.5) Fighting
 * Level 7.9(7.3) Long Blades
 + Level 5.5(5.0) Armour
 - Level 2.0(1.5) Dodging


You had 8 spell levels left.
You didn't know any spells.

Dungeon Overview and Level Annotations

Branches:
Dungeon (7/15)             Temple (0/1) D:6

Altars:
Dithmenos
Fedhas
Pakellas
Trog
Xom
Yredelemnul


Message History

You feel drained.
* * * LOW HITPOINT WARNING * * *
The wight hits you with a hand axe of electrocution.
* * * LOW HITPOINT WARNING * * *
You hit the ogre. You freeze the ogre.
The ogre is heavily wounded.
The ogre hits you with a giant club!
* * * LOW HITPOINT WARNING * * *
You slash the ogre! You freeze the ogre.
You kill the ogre!
Trog accepts your kill.
Your base Fighting skill increases to level 6!
You have reached level 9!
Your experience leads to an increase in your attributes!
Your base attributes are Str 18, Int 7, Dex 15.
Increase (S)trength, (I)ntelligence, or (D)exterity?
You feel agile. The wight barely misses you.
The wight hits you but does no damage.
You are electrocuted!
You die...

#...###'### #.#.
############.......# #.#.
#.....[....'......## #.#.
#.##########......######.##
#.#........................
#.#.#..###.#..#.#.#########
#.#.#....#Y#....#.#
#.#.##.#.#z###..#.#########
###'#....#.)@zo..............
#........########.#.#########
#........+..........#
#........########...#
#........# #####...#
#^.......# #<......#
##################..#
#..........#
#####.########.##


You could see an ice beast, 2 wights and an orc.

Vanquished Creatures
  An ice beast (D:5)
  2 ogres
  3 phantoms
  A gnoll sergeant (D:6)
  2 howler monkeys
  A crimson imp (D:6)
  5 giant frog zombies (D:5)
  A quasit (D:5)
  A centaur skeleton (D:4)
  A giant frog skeleton (D:5)
  3 iguanas
  3 worker ants
  A killer bee zombie (D:5)
  3 hound zombies (D:5)
  3 adders
  9 gnolls
  A shadow imp (D:5)
  2 oozes
  An adder skeleton (D:4)
  A worm (D:3)
  5 dart slugs
  5 giant geckos
  3 orcs
  9 giant cockroaches
  8 goblins
  7 hobgoblins
  4 jackals (D:2)
  6 kobolds
  3 quokkas (D:3)
  A ball python zombie (D:5)
  5 bats
  3 giant newts
  A jackal zombie (D:5)
  A quokka zombie (D:5)
  5 rats
111 creatures vanquished.

Notes
Turn   | Place    | Note
--------------------------------------------------------------
     0 | D:1      | Kloppie the Human Berserker began the quest for the Orb.
     0 | D:1      | Reached XP level 1. HP: 18/18 MP: 1/1
   318 | D:1      | Reached XP level 2. HP: 24/24 MP: 2/2
   619 | D:1      | Reached XP level 3. HP: 24/29 MP: 3/3
  1055 | D:1      | Reached ** piety under Trog
  1360 | D:2      | Reached XP level 4. HP: 31/35 MP: 4/4
  1490 | D:2      | Found a shimmering altar of Xom.
  1550 | D:2      | Reached skill level 4 in Long Blades
  1618 | D:2      | Found a shadowy altar of Dithmenos.
  1618 | D:2      | Found a blossoming altar of Fedhas.
  1847 | D:3      | Found an oddly glowing altar of Pakellas.
  2238 | D:3      | Found a bloodstained altar of Trog.
  2362 | D:3      | Reached XP level 5. HP: 42/42 MP: 5/5
  2541 | D:4      | Noticed an ogre
  2541 | D:4      | Noticed a phantom
  2585 | D:3      | Killed a phantom
  2588 | D:3      | Reached *** piety under Trog
  2726 | D:4      | Killed an ogre
  2726 | D:4      | Reached skill level 5 in Long Blades
  2726 | D:4      | Reached XP level 6. HP: 33/49 MP: 6/6
  3211 | D:5      | Entered Level 5 of the Dungeon
  3301 | D:5      | Reached XP level 7. HP: 34/55 MP: 7/7
  3529 | D:5      | Reached skill level 6 in Long Blades
  3738 | D:5      | Reached skill level 5 in Fighting
  3941 | D:5      | Reached XP level 8. HP: 50/62 MP: 8/8
  4398 | D:5      | Reached skill level 7 in Long Blades
  4705 | D:5      | Reached skill level 5 in Armour
  4708 | D:5      | HP: 4/94 [poisoned by a worker ant]
  5176 | D:6      | Found a staircase to the Ecumenical Temple.
  5798 | D:6      | Found a basalt altar of Yredelemnul.
  5946 | D:6      | Reached XP level 9. HP: 6/69 MP: 9/9
  5946 | D:6      | Mangled by a wight

Skill      XL: |  1  2  3  4  5  6  7  8 |
---------------+-------------------------+-----
Long Blades    | 4 5 6 7 |  7.9
Fighting       | 4 5 6 |  6.0
Armour         | 3 4 5 |  5.5
Dodging        | |  2.0

Action                   |  1- 3 |  4- 6 |  7- 9 || total
-------------------------+-------+-------+-------++-------
Melee: Falchion          |   104 |   164 |       ||   268
       Long sword        |       |    30 |   237 ||   267
Invok: Berserk           |       |     1 |     6 ||     7
       Trog's Hand       |       |       |     3 ||     3
  Use: Scroll            |       |       |    14 ||    14
       Potion            |       |       |     2 ||     2
 Stab: Sleeping          |     1 |       |       ||     1
  Eat: Chunk             |     1 |     8 |     8 ||    17
       Meat ration       |       |       |     1 ||     1
       Bread ration      |       |       |     1 ||     1
Armor: Animal skin       |    17 |       |       ||    17
       Ring mail         |     6 |    15 |       ||    21
       Scale mail        |       |    62 |   151 ||   213
Dodge: Dodged            |    78 |   105 |   158 ||   341
